 Dungeon Crawl Stone Soup version 0.29.1-2-gbd0b4ee654 (webtiles) character file.

Game seed: 2295077163476063382

254781 GeoRichter the Gelid (level 19, -2/87 HPs)
             Began as a Tengu Air Elementalist on Nov 17, 2022.
             Was a High Priest of Vehumet.
             Killed from afar by a lich (52 damage)
             ... with a bolt of cold
             ... on level 2 of the Abyss on Nov 19, 2022.
             The game lasted 02:33:43 (63070 turns).

GeoRichter the Gelid (Tengu Air Elementalist)      Turns: 63070, Time: 02:33:44

Health: -2/87      AC: 20    Str: 10 (11) XL:     19   Next: 76%
Magic:  22/30      EV: 14    Int: 18 (22) God:    Vehumet [*****.]
Gold:   3327       SH:  8    Dex:  9 (10) Spells: 4/46 levels left

rFire   . . .      SeeInvis .   b - +8 demon trident (flame)
rCold   . . .      Faith    .   U - +0 kite shield {AC+3}
rNeg    + + .      Spirit   .   B - +0 swamp dragon scales
rPois   +          Reflect  .   J - +2 hat
rElec   .          Harm     .   Q - +0 cloak
rCorr   +          Rampage  .   v - +0 pair of gloves
Will    +....                   (boots unavailable)
Stlth   +.........              G - amulet of regeneration
HPRegen 1.04/turn               C - +4 ring of protection
MPRegen 0.22/turn               X - ring "Ojuiron" {Fly rN++ rCorr Str+2 Dex-4}

@: flying quickly and evasively, slowed, very slow
A: beak, talons 3, nimble flight, deterioration 1, dopey 1, [frail 3], [low MP
2]
}: 2/15 runes: decaying, serpentine
a: Renounce Religion


You were on level 2 of the Abyss.
You worshipped Vehumet.
Vehumet was extremely pleased with you.
You visited 7 branches of the dungeon, and saw 33 of its levels.
You visited the Abyss 2 times.
You also visited: Ossuary and Volcano.

You collected 4114 gold pieces.
You spent 787 gold pieces at shops.

Inventory:

Hand Weapons
 b - a +8 demon trident of flaming (weapon)
   (You took it off Asterion on level 4 of the Snake Pit)
Missiles
 y - 3 throwing nets {!f}
Armour
 s - +0 steam dragon scales
   (You found it on level 8 of the Dungeon)
 v - a +0 pair of gloves (worn)
   (You found it on level 5 of the Dungeon)
 x - a +2 buckler
   (You found it on level 5 of the Dungeon)
 B - +0 swamp dragon scales (worn)
   (You found it on level 1 of the Swamp)
 J - a +2 hat (worn)
   (You bought it in a shop on level 2 of the Orcish Mines)
 Q - a +0 cloak (worn)
   (You took it off Maurice on level 11 of the Dungeon)
 U - a +0 kite shield of protection (worn)
   (You took it off a naga warrior on level 4 of the Snake Pit)
Magical Staves
 a - a staff of air
   (You took it off an orc on level 12 of the Dungeon)
 d - a staff of conjuration {!a}
   (You acquired it on level 2 of the Orcish Mines)
Jewellery
 k - an amulet of reflection
   (You found it on level 7 of the Dungeon)
 C - a +4 ring of protection (left hand)
   (You found it on level 7 of the Dungeon)
 G - an amulet of regeneration (around neck)
   (You found it in an ossuary)
 P - a ring of poison resistance
   (You found it on level 3 of the Lair of Beasts)
 R - a ring of see invisible
   (You found it on level 2 of the Swamp)
 S - the amulet of Makhleb's Esteem {Faith Fly rC+ Str+7 Stlth-}
   (You found it on level 10 of the Dungeon)

   [amulet of faith]

   It allows you to gain divine favour quickly.
   Str:       It affects your strength (+7).
   rC:        It protects you from cold.
   Fly:       It grants you flight.
   Stlth:     It makes you less stealthy.
 X - the ring "Ojuiron" (right hand) {Fly rN++ rCorr Str+2 Dex-4}
   (You found it on level 11 of the Dungeon)

   [ring of flight]

   Str:       It affects your strength (+2).
   Dex:       It affects your dexterity (-4).
   rN:        It greatly protects you from negative energy.
   Fly:       It grants you flight.
   rCorr:     It protects you from acid and corrosion.
Wands
 A - a wand of digging (5)
   (You took it off Dowan on level 6 of the Dungeon)
Scrolls
 e - 6 scrolls of immolation {!r}
 f - 15 scrolls of teleportation {@r4}
 h - 3 scrolls of torment {!r}
 j - a scroll of magic mapping
 o - a scroll of brand weapon
 t - 4 scrolls of silence
 u - 5 scrolls of butterflies
 F - 2 scrolls of poison
 K - 4 scrolls of vulnerability {!r}
 N - 3 scrolls of fear
 Y - 5 scrolls of enchant armour
Potions
 g - 13 potions of curing {@q1}
 m - 8 potions of might
 n - 3 potions of ambrosia
 q - 11 potions of mutation {!q}
 z - 3 potions of brilliance
 D - 5 potions of cancellation
 H - 7 potions of resistance
 I - a potion of magic
 O - 6 potions of invisibility
 T - 6 potions of lignification {!q}
 V - 4 potions of attraction {!q}
 Z - a potion of berserk rage
Miscellaneous
 M - a phantom mirror
   (You found it on level 4 of the Swamp)


   Skills:
 + Level 15.8 Fighting
 * Level 2.5(3.1) Polearms
 - Level 2.7(3.2) Staves
 + Level 6.9 Armour
 - Level 12.6 Dodging
 - Level 2.0 Stealth
 + Level 5.5 Shields
 - Level 14.4 Spellcasting
 - Level 12.1 Conjurations
 - Level 8.0 Necromancy
 - Level 16.3 Ice Magic
 + Level 16.1 Air Magic


You had 4 spell levels left.
You knew the following spells:

 Your Spells              Type           Power      Damage    Failure   Level
a - Conjure Ball Lightni  Conj/Air       29%        3x3d8     4%          6
b - Static Discharge      Conj/Air       59%        3-11/arc  1%          2
c - Airstrike             Air            31%        2d(5-21)  1%          4
d - Animate Dead          Necr           41%        N/A       12%         4
e - Frozen Ramparts       Ice            100%       1d16      1%          3
f - Mephitic Cloud        Conj/Pois/Air  46%        N/A       1%          3
g - Freezing Cloud        Conj/Ice/Air   30%        6-21      1%          5
h - Ozocubu's Refrigerat  Ice            32%        4d14      9%          7
i - Maxwell's Capacitive  Air            31%        ∞         54%         8

Your spell library contained the following spells:

 Spells                   Type           Power      Damage    Failure   Level
 Ignition                 Fire           6%         3d4       100%        8
 Fire Storm               Conj/Fire      17%        8d4       100%        9
 Shock                    Conj/Air       100%       1d9       1%          1
 Poisonous Vapours        Pois/Air       84%        N/A       1%          2
 Searing Ray              Conj           100%       2d8       1%          2
 Ozocubu's Armour         Ice            64%        N/A       1%          3
 Swiftness                Air            63%        N/A       1%          3
 Hailstorm                Conj/Ice       59%        3d13      1%          4
 Stone Arrow              Conj/Erth      68%        3d11      2%          3
 Vampiric Draining        Necr           41%        2d8       3%          3
 Fulminant Prism          Conj/Hex       17%        3d11      7%          4
 Iskenderun's Mystic Bla  Conj/Tloc      34%        2d8       7%          4
 Sandblast                Erth           24%        2d8       9%          1
 Ice Form                 Ice/Tmut       42%        N/A       11%         4
 Corpse Rot               Necr/Pois/Air  42%        N/A       12%         4
 Ignite Poison            Fire/Tmut/Pois 12%        N/A       24%         3
 Beastly Appendage        Tmut           24%        N/A       32%         1
 Slow                     Hex            48%        N/A       32%         1
 Sting                    Tmut/Pois      48%        1d5       32%         1
 Summon Small Mammal      Summ           48%        N/A       32%         1
 Call Imp                 Summ           12%        N/A       43%         2
 Passwall                 Tmut/Erth      10%        N/A       43%         2
 Wereblood                Tmut           12%        N/A       43%         2
 Olgreb's Toxic Radiance  Pois           12%        N/A       58%         4
 Call Canine Familiar     Summ           12%        N/A       67%         3
 Confusing Touch          Hex            12%        N/A       67%         3
 Gell's Gravitas          Tloc           12%        N/A       67%         3
 Lesser Beckoning         Tloc           12%        N/A       67%         3
 Portal Projectile        Hex/Tloc       24%        N/A       67%         3
 Spider Form              Tmut/Pois      12%        N/A       67%         3
 Summon Guardian Golem    Hex/Summ       12%        N/A       67%         3
 Teleport Other           Tloc           12%        N/A       67%         3
 Animate Armour           Summ/Erth      24%        N/A       97%         4
 Leda's Liquefaction      Hex/Erth       6%         N/A       97%         4
 Petrify                  Tmut/Erth      12%        N/A       97%         4
 Iskenderun's Battlesphe  Conj           54%        2d10      1%          5
 Fireball                 Conj/Fire      17%        3d9       19%         5
 Irradiate                Conj/Tmut      17%        3d17      19%         5
 Metabolic Englaciation   Hex/Ice        21%        N/A       30%         5
 Simulacrum               Ice/Necr       27%        N/A       32%         6
 Orb of Destruction       Conj           27%        9d9       41%         7
 Lee's Rapid Deconstruct  Erth           6%         3d7*      88%         5
 Summon Forest            Summ/Tloc      6%         N/A       100%        5
 Dispersal                Tloc           6%         N/A       100%        6
 Eringya's Noxious Bog    Tmut/Pois      6%         N/A       100%        6
 Statue Form              Tmut/Erth      8%         N/A       100%        6
 Haunt                    Necr/Summ      13%        N/A       100%        7
 Malign Gateway           Summ/Tloc      6%         N/A       100%        7
 Summon Hydra             Summ           6%         N/A       100%        7
 Disjunction              Tloc           6%         N/A       100%        8
 Infestation              Necr           20%        N/A       100%        8
 Lehudib's Crystal Spear  Conj/Erth      17%        10d5      100%        8


Dungeon Overview and Level Annotations

Branches:
Dungeon (15/15) Zot: 24518  Temple (1/1) D:4 Zot: 5921    Lair (5/5) D:9 Zot: 21851
  Swamp (4/4) Lair:2 Zot: 16440   Snake (4/4) Lair:2 Zot: 11046     Orc (2/2) D:12 Zot: 7852
    Elf (2/3) Orc:2 Zot: 9404  Vaults (0/5) D:13         Depths (0/4) D:15
Ossuary (visited)         Volcano (visited)
  Slime: Lair:4-5

Altars:
Ashenzari
Cheibriados
Dithmenos
Elyvilon
Fedhas
Gozag
Hepliaklqana
Kikubaaqudgha
Makhleb
Nemelex Xobeh
Okawaru
Qazlal
Ru
Sif Muna
Trog
Uskayaw
Vehumet
Wu Jian
Xom
Yredelemnul
Zin
The Shining One
Jiyva

Shops:
D:9 [   D:13 *   Orc:1 (   Orc:2 ![((   Elf:1 !   Snake:1 *   Snake:3 (((=
Snake:4 :

Annotations:
Lair:1 3 runed translucent doors, LaMa's ghost, journeyman MfGl
Lair:4 exclusion: 2 oklob plants
Swamp:3 exclusions: oklob plant and oklob sapling


Innate Abilities, Weirdness & Mutations

You have a beak for a mouth.
You have claws for feet.
Your magical nature lets you fly swiftly and evasively.
Your body sometimes deteriorates upon taking damage.
You are dopey. (Int -2)
[You are extremely frail. (-30% HP)]
[Your magical capacity is very low. (-20% MP)]


Message History

There is an open door here. 2 raiju come into view.
The raiju barks! x2; You hear a bark!
A raiju comes into view.
There is an open door here.
A wretched star comes into view.
The raiju bursts into living lightning!
The living lightning hits the raiju.
The raiju completely resists.
The living lightning hits the raiju.
The raiju completely resists.
The living lightning misses you.
The raiju blinks! x2
The heat is drained from your surroundings.
The raiju bursts into living lightning!
The living lightning misses the raiju.
The living lightning misses you.
The raiju blinks!
You block the raiju's attack.
The raiju bursts into living lightning!
The living lightning hits the wretched star.
The wretched star resists.
The living lightning hits the raiju.
The raiju completely resists.
The living lightning misses you.
The raiju blinks!
The heat is drained from your surroundings.
The wretched star resists.
The raiju bites you but does no damage. You block the raiju's attack.
The raiju bites you but does no damage.
The heat is drained from your surroundings.
The wretched star resists.
You kill the raiju!
Vehumet accepts your kill.
You feel your power returning. You block the raiju's attack.
The raiju misses you.
The wretched star pulses with an eldritch light!
You feel frail. x2
The heat is drained from your surroundings.
The wretched star resists.
You feel yourself slow down. You block the raiju's attack.
The raiju bursts into living lightning!
The living lightning hits you!!
The raiju blinks!
The wretched star pulses with an eldritch light!
You feel less energetic. x2; You feel frail.
Unknown command.
Magic courses through your body.
You hear some strange, mumbled words.
A bolt of cold appears from out of thin air!
The bolt of cold hits you!!
Your body deteriorates!
You feel clumsy. The raiju barely misses you.
You hear some strange, mumbled words.
A bolt of cold appears from out of thin air!
The bolt of cold hits you!!!
Ouch! That really hurt!
You die...

#....... #......
#...h.. #.....
#.....
#....###### .##
#..*.##...##....
#...@'..........
#..h§##...##..
#.#######{# ## #
## #.######.
#......##........
#....... ........
.. ...##........
# .... ###.....#
#.....#### #....#


You could see a wretched star and 2 raiju.

Vanquished Creatures
  Saint Roka (Orc:2)
  Vashnia (Snake:2)
  Nikola (Swamp:1)
  2 tentacled monstrosities
  Rupert (Orc:2)
  Asterion (Snake:4)
  Kirke (Swamp:1)
  3 thorn hunters
  Roxanne (Swamp:1)
  A fenstrider witch (Swamp:1)
  15 nagarajas
  Aizul (Snake:1)
  An orc warlord (Orc:2)
  Louise (Elf:1)
  2 very ugly things (D:15)
  7 bunyips
  Azrael (Elf:1)
  2 deep elf demonologists
  2 entropy weavers (D:10)
  2 eleionomae
  Snorg (D:11)
  A fire dragon (Lair:5)
  3 shambling mangroves (Swamp:3)
  A vault guard (D:13)
  3 spriggan air magi (Swamp:3)
  21 hydras
  4 ghost crabs
  3 salamander tyrants
  2 boulder beetles
  An ogre mage (Volcano)
  A catoblepas (D:14)
  7 anacondas
  15 naga warriors
  12 two-headed ogres
  A death knight (D:15)
  9 alligators
  3 centaur warriors
  3 dancing weapons (Elf:1)
  4 death yaks (Lair:5)
  Urug (D:13)
  2 spriggan berserkers
  2 orc high priests
  18 naga sharpshooters
  A hell knight (Volcano)
  A sun demon (D:12)
  3 deep elf knights
  8 shock serpents
  4 fire crabs (D:10)
  2 soul eaters (D:11)
  3 sixfirhies
  4 skeletal warriors
  3 goliath frogs
  4 salamander mystics
  5 deep elf archers
  4 spriggan druids
  15 swamp dragons
  5 naga ritualists
  A glowing orange brain (D:15)
  3 large abominations
  10 deep elf pyromancers
  A bog body (Swamp:1)
  4 lindwurms (D:11)
  2 orc knights
  12 deep elf zephyrmancers
  An oklob plant (Lair:4)
  4 manticores
  7 mana vipers
  20 ugly things
  2 will-o-the-wisps (Swamp:4)
  2 cyclopes
  40 salamanders
  4 orc sorcerers
  Maurice (D:11)
  7 guardian serpents (Snake:4)
  Joseph (D:9)
  37 black mambas
  15 naga magi
  2 eyes of devastation (shapeshifter)
  An unseen horror (D:11)
  A gargoyle (D:14)
  3 komodo dragons
  Psyche (D:11)
  9 cane toads
  A kobold demonologist (D:13)
  A yaktaur (shapeshifter) (Elf:1)
  An ice devil (D:12)
  An efreet (D:13)
  A hellwing (D:12)
  An ancient zyme (Abyss:2)
  6 rime drakes
  2 tengu conjurers (D:15)
  7 trolls
  A hornet (shapeshifter) (Elf:1)
  A troll (shapeshifter) (D:14)
  9 hornets
  3 bloated husks
  11 tyrant leeches
  A raiju (Abyss:2)
  5 dream sheep (Lair:5)
  5 slime creatures (D:15)
  Grinder (D:6)
  6 blink frogs (Lair:5)
  2 shadows
  2 wyverns (shapeshifter)
  2 vampires
  9 spriggans
  A wraith (D:12)
  19 yaks
  2 ynoxinuls
  8 basilisks
  3 wyverns
  A fire elemental (Elf:1)
  4 hogs (Swamp:1)
  A golden eye (shapeshifter) (D:13)
  A neqoxec (Abyss:2)
  3 steam dragons
  53 nagas
  10 swamp worms
  6 wargs
  11 water moccasins
  2 acid dragons
  Duvessa (D:6)
  52 orc warriors
  4 hell hounds (Elf:1)
  A hornet zombie (Ossuary)
  3 ice beasts
  10 swamp drakes
  3 black bears
  8 ogres
  4 wolves (Lair:1)
  A centaur (D:12)
  2 kobold brigands
  2 phantoms (D:6)
  A gnoll sergeant (D:8)
  Blork the orc (D:6)
  4 bullfrogs (D:8)
  5 scorpions
  A wyvern zombie (Ossuary)
  3 necrophages
  A water moccasin zombie (Ossuary)
  An earth elemental (Elf:1)
  8 wights (D:7)
  Dowan (D:6)
  3 small abominations (Abyss:2)
  4 killer bees (D:8)
  A wolf zombie (Lair:1)
  2 lava snakes (Snake:4)
  2 howler monkeys
  2 bullfrog zombies (Ossuary)
  2 quasits
  3 centaur zombies (Ossuary)
  3 hounds
  4 jellies
  32 orc priests
  A gnoll bouda (D:8)
  Jessica (D:3)
  8 iguanas
  Ijyb (D:3)
  Natasha (thrice) (D:3)
  30 orc wizards
  3 killer bee zombies (Ossuary)
  3 howler monkey zombies (Ossuary)
  11 mummies (Ossuary)
  Robin (D:4)
  17 gnolls
  9 adders
  A shadow imp (D:7)
  A white imp (D:5)
  An ufetubus (D:6)
  A worm (D:2)
  2 dart slugs
  120 orcs
  7 ball pythons
  3 bats
  7 endoplasms
  3 giant cockroaches
  6 goblins
  14 hobgoblins
  11 kobolds
  2 quokkas
  5 frilled lizards
  6 orc zombies (D:12)
  8 rats
  A ball lightning (Snake:4)
  3 butterflies
  A lurking horror (Abyss:2)
1088 creatures vanquished.

Vanquished Creatures (collateral kills)
  Mlioglotl (Snake:2)
  A hydra (Lair:1)
  2 cane toads
  2 komodo dragons
  A blink frog (Lair:5)
  8 yaks
  A basilisk (Lair:5)
  2 steam dragons (Lair:5)
  2 nagas (Lair:2)
  2 water moccasins
  An acid dragon (Lair:5)
  5 wolves (Lair:1)
  A yak zombie (Lair:1)
  An iguana (Lair:5)
  A gnoll (D:8)
  2 ball lightnings (Swamp:1)
33 creatures vanquished.

Vanquished Creatures (others)
  Mara (Snake:3)
  An anaconda (Snake:3)
  A deep elf zephyrmancer (Elf:1)
  A black mamba (Snake:3)
  2 bloated husks
  A human (Swamp:1)
  A two-headed ogre zombie (D:10)
  A cane toad zombie (Lair:5)
  4 dream sheep zombies (Lair:5)
  3 blink frog zombies (Lair:5)
  A water moccasin zombie (Lair:5)
  3 yak zombies
  2 wolf zombies (Lair:1)
  A quasit (D:12)
  4 naga zombies (Lair:2)
  12 orc zombies
  A gnoll zombie (D:8)
  90 ball lightnings
  3 demonic plants (D:12)
  32 fungi
  A lurking horror (Abyss:2)
  64 plants
  2 starspawn tentacles (Abyss:2)
  11 withered plants (Ossuary)
243 creatures vanquished.

Grand Total: 1364 creatures vanquished

Notes
Turn   | Place    | Note
-------+----------+-------------------------------------------
     0 | D:1      | GeoRichter the Tengu Air Elementalist began the quest for
                  | the Orb.
     0 | D:1      | Reached XP level 1. HP: 10/10 MP: 4/4
   248 | D:1      | Reached XP level 2. HP: 15/15 MP: 1/6
   251 | D:1      | Learned a level 2 spell: Static Discharge
   877 | D:1      | Found a faded altar of an unknown god.
  1346 | D:2      | Reached XP level 3. HP: 19/19 MP: 4/7
  1377 | D:2      | Reached skill level 5 in Air Magic
  1502 | D:2      | Got the Spellbook of Ruinous Transmutation
  1908 | D:2      | Reached XP level 4. HP: 24/24 MP: 4/8
  2250 | D:3      | Noticed Ijyb
  2257 | D:3      | Killed Ijyb
  2727 | D:3      | Gained mutation: Your magical nature lets you fly swiftly
                  | and evasively. [Tengu growth]
  2727 | D:3      | Reached XP level 5. HP: 25/28 MP: 6/10
  2799 | D:3      | Noticed Jessica
  2804 | D:3      | Killed Jessica
  2871 | D:3      | Noticed Natasha
  2875 | D:3      | Killed Natasha
  2960 | D:3      | Noticed Natasha
  2967 | D:3      | Killed Natasha
  3501 | D:3      | Noticed Natasha
  3508 | D:3      | Killed Natasha
  3509 | D:3      | Reached XP level 6. HP: 27/32 MP: 2/11
  3610 | D:3      | Learned a level 4 spell: Airstrike
  3615 | D:4      | Noticed Robin
  3626 | D:4      | Killed Robin
  3849 | D:4      | Found an iron altar of Okawaru.
  3864 | D:4      | Found a staircase to the Ecumenical Temple.
  3876 | Temple   | Entered the Ecumenical Temple
  3948 | Temple   | Became a worshipper of Vehumet
  4073 | D:4      | Noticed a water moccasin
  4080 | D:4      | Reached XP level 7. HP: 28/36 MP: 7/13
  4082 | D:4      | Reached skill level 5 in Conjurations
  5130 | D:4      | Reached XP level 8. HP: 31/41 MP: 5/15
  5246 | D:4      | Reached * piety under Vehumet
  5246 | D:4      | Offered knowledge of Freeze by Vehumet.
  5685 | D:4      | Found a white marble altar of Elyvilon.
  5730 | D:5      | Entered Level 5 of the Dungeon
  5841 | D:5      | Reached skill level 1 in Fighting
  5915 | D:5      | Found a glowing golden altar of the Shining One.
  6352 | D:5      | Found a glowing silver altar of Zin.
  6353 | D:5      | Found a stormy altar of Qazlal.
  7069 | D:6      | Noticed Grinder
  7087 | D:6      | Killed Grinder
  7088 | D:6      | Reached skill level 5 in Spellcasting
  7088 | D:6      | Reached XP level 9. HP: 49/52 MP: 2/17
  7440 | D:6      | Reached skill level 10 in Air Magic
  7869 | D:6      | Noticed Duvessa
  7869 | D:6      | Noticed Dowan
  7897 | D:6      | Killed Dowan
  7990 | D:6      | Killed Duvessa
  7991 | D:6      | Reached skill level 5 in Fighting
  8181 | D:6      | Noticed Blork the orc
  8192 | D:6      | Killed Blork the orc
  8193 | D:6      | Reached skill level 1 in Armour
  8347 | D:6      | Reached skill level 1 in Shields
  8918 | D:7      | Offered knowledge of Foxfire by Vehumet.
  8927 | D:7      | Reached ** piety under Vehumet
  9096 | D:7      | Found a sand-covered staircase.
  9206 | Ossuary  | Entered an ossuary
  9650 | Ossuary  | Reached skill level 5 in Shields
  9650 | Ossuary  | Reached XP level 10. HP: 27/59 MP: 5/19
  9667 | Ossuary  | Learned a level 4 spell: Animate Dead
  9912 | Ossuary  | Reached skill level 1 in Necromancy
 10754 | D:7      | Offered knowledge of Inner Flame by Vehumet.
 11691 | D:8      | Reached *** piety under Vehumet
 12022 | D:8      | Identified the -1 pair of boots "Velur" {rC+ Str+4 Dex+3
                  | Stlth+}
 12556 | D:8      | Offered knowledge of Frozen Ramparts by Vehumet.
 12869 | D:9      | Found a staircase to the Lair.
 13393 | D:9      | Found a snail-covered altar of Cheibriados.
 13397 | D:9      | Found a shadowy altar of Dithmenos.
 13398 | D:9      | Found a hide-covered altar of Uskayaw.
 13399 | D:9      | Found an ornate altar of the Wu Jian Council.
 13439 | D:9      | Found Ripegh's Antique Armour Shop.
 13459 | D:9      | Reached skill level 5 in Necromancy
 13905 | D:9      | Noticed Joseph
 13923 | D:9      | Killed Joseph
 13924 | D:9      | Reached XP level 11. HP: 66/66 MP: 13/21
 14057 | D:9      | Reached skill level 5 in Dodging
 14532 | Lair:1   | Entered Level 1 of the Lair of Beasts
 14548 | Lair:1   | Learned a level 3 spell: Frozen Ramparts
 14720 | Lair:1   | Reached skill level 1 in Ice Magic
 14823 | Lair:1   | Reached **** piety under Vehumet
 14831 | Lair:1   | Offered knowledge of Mephitic Cloud by Vehumet.
 14849 | Lair:1   | Learned a level 3 spell: Mephitic Cloud
 14929 | Lair:1   | Noticed a five-headed hydra
 14932 | Lair:1   | Killed a five-headed hydra
 15174 | Lair:1   | Found a runed translucent gate.
 15174 | Lair:1   | Found a runed translucent gate.
 15174 | Lair:1   | Found a runed translucent gate.
 15174 | Lair:1   | Noticed LaMa's ghost (journeyman MfGl)
 15851 | Lair:2   | Found a staircase to the Snake Pit.
 16013 | Lair:2   | Reached XP level 12. HP: 65/72 MP: 16/24
 16285 | Lair:2   | Noticed a five-headed hydra
 16294 | Lair:2   | Killed a five-headed hydra
 16837 | Lair:2   | Found a staircase to the Swamp.
 17891 | Lair:4   | Noticed a six-headed hydra
 17905 | Lair:4   | Killed a six-headed hydra
 17906 | Lair:4   | Reached skill level 5 in Ice Magic
 18567 | Lair:4   | Found a viscous altar of Jiyva.
 19018 | Lair:5   | Entered Level 5 of the Lair of Beasts
 19102 | Lair:5   | Noticed a seven-headed hydra
 19108 | Lair:5   | Killed a seven-headed hydra
 19224 | Lair:5   | Noticed a four-headed hydra
 19231 | Lair:5   | Killed a four-headed hydra
 19361 | Lair:5   | Noticed a death yak
 19362 | Lair:5   | Noticed a death yak
 19363 | Lair:5   | Noticed a death yak
 19372 | Lair:5   | Noticed a death yak
 19437 | Lair:5   | Noticed a four-headed hydra
 20083 | Lair:5   | Killed a death yak
 20364 | Lair:5   | Killed a death yak
 20365 | Lair:5   | Reached XP level 13. HP: 28/80 MP: 5/26
 21045 | Lair:5   | Learned a level 5 spell: Freezing Cloud
 21614 | Lair:5   | Noticed a fire dragon
 21732 | Lair:5   | Reached skill level 10 in Fighting
 21915 | Lair:5   | Killed a fire dragon
 22231 | D:10     | Entered Level 10 of the Dungeon
 22456 | D:10     | Identified the amulet of Makhleb's Esteem {Faith Fly rC+
                  | Str+7 Stlth-}
 22730 | D:10     | Found a runed translucent door.
 23883 | D:10     | Noticed an entropy weaver
 23934 | D:10     | Killed an entropy weaver
 24256 | D:10     | Noticed an entropy weaver
 24397 | D:10     | Killed an entropy weaver
 24984 | D:11     | Noticed Maurice
 24989 | D:11     | Killed Maurice
 25247 | D:11     | Noticed Psyche
 25252 | D:11     | Killed Psyche
 25523 | D:11     | Reached XP level 14. HP: 77/88 MP: 20/28
 25637 | D:11     | Identified the ring "Ojuiron" {Fly rN++ rCorr Str+2 Dex-4}
 26297 | D:12     | Reached ***** piety under Vehumet
 26298 | D:12     | Offered knowledge of Hailstorm by Vehumet.
 26309 | D:11     | HP: 3/89 [soul eater (15)]
 27177 | D:12     | Identified the +8 quarterstaff of Experimentation {pain,
                  | rC+ rN+ Int-5}
 27544 | D:12     | Found a staircase to the Orcish Mines.
 27966 | D:12     | Noticed Snorg
 28555 | D:11     | Killed Snorg
 29117 | Orc:1    | Entered Level 1 of the Orcish Mines
 29534 | Orc:1    | Offered knowledge of Starburst by Vehumet.
 29966 | Orc:2    | Entered Level 2 of the Orcish Mines
 29982 | Orc:2    | Identified a scroll of acquirement
 29982 | Orc:2    | Acquired a staff of conjuration
 30050 | Orc:2    | Found a dark tunnel.
 30061 | Volcano  | Entered a volcano
 30130 | Volcano  | Found a burning altar of Makhleb.
 30648 | Orc:2    | Found a staircase to the Elven Halls.
 31047 | Orc:2    | Noticed Rupert
 31052 | Orc:2    | Noticed an orc warlord
 31055 | Orc:2    | Killed Rupert
 31056 | Orc:2    | Reached skill level 10 in Dodging
 31056 | Orc:2    | Reached skill level 10 in Ice Magic
 31372 | Orc:2    | Identified the +10 battleaxe of Ashenzari's Approval
                  | {speed, rElec Str+2 Dex-5}
 31396 | Orc:2    | Killed an orc warlord
 31397 | Orc:2    | Reached XP level 15. HP: 73/97 MP: 16/29
 31700 | Orc:2    | Found Tiopsig's Weapon Boutique.
 31713 | Orc:2    | Reached skill level 10 in Spellcasting
 32055 | Orc:2    | Noticed Saint Roka
 32380 | Orc:1    | Learned a level 6 spell: Conjure Ball Lightning
 32395 | Orc:2    | Killed Saint Roka
 32666 | Orc:2    | Offered knowledge of Spellforged Servitor by Vehumet.
 32761 | Orc:2    | Found Vuylenlu's Antique Armour Boutique.
 32763 | Orc:2    | Found Lanacv Emoge's Antique Weapon Shop.
 32776 | Orc:2    | Bought an embroidered hat for 147 gold pieces
 33125 | Orc:2    | Found Goun's Distillery.
 33164 | Orc:2    | Bought a potion of magic for 128 gold pieces
 33164 | Orc:2    | Bought 2 potions of magic for 256 gold pieces
 33164 | Orc:2    | Bought 2 potions of invisibility for 256 gold pieces
 33229 | Orc:1    | Found Sashrar's Antique Weapon Boutique.
 33857 | D:13     | Noticed Urug
 33882 | D:13     | Killed Urug
 34012 | D:13     | Reached skill level 10 in Conjurations
 34151 | D:13     | Identified the +8 mace of Lust {antimagic, rC+}
 34322 | D:13     | Found Tumirr's Changing Room.
 34773 | D:13     | Found a gate to the Vaults.
 35084 | D:14     | You are sucked into a shaft and drop 1 floor!
 35084 | D:15     | Entered Level 15 of the Dungeon
 35988 | D:15     | Reached skill level 15 in Air Magic
 36093 | D:15     | Found a staircase to the Depths.
 37106 | D:14     | Reached XP level 16. HP: 105/105 MP: 17/31
 37107 | D:14     | Offered knowledge of Iron Shot by Vehumet.
 37582 | Snake:1  | Entered Level 1 of the Snake Pit
 37653 | Snake:1  | Found Dattec's Mass Market.
 37682 | Snake:1  | Identified the +3 chain mail of the Candlemaker {rF+ rCorr}
 37831 | Snake:1  | Noticed Aizul
 37850 | Snake:1  | Killed Aizul
 39103 | Snake:2  | Noticed Vashnia
 39623 | Snake:2  | Noticed a nagaraja
 39631 | Snake:2  | Killed a nagaraja
 40609 | Snake:2  | Killed Vashnia
 41175 | Snake:2  | Offered knowledge of Ozocubu's Refrigeration by Vehumet.
 41184 | Snake:2  | Learned a level 7 spell: Ozocubu's Refrigeration
 42049 | Snake:3  | Found Kogagal's Weapon Emporium.
 42131 | Snake:3  | Reached skill level 15 in Fighting
 42397 | Snake:3  | Noticed a nagaraja
 42535 | Snake:3  | Found Kosos's Antique Weapon Shoppe.
 42535 | Snake:3  | Found Wuefryr's Antique Weapon Emporium.
 42538 | Snake:3  | Found Osoigu Zacsa's Jewellery Shoppe.
 42599 | Snake:3  | Killed a nagaraja
 42879 | Snake:3  | Reached XP level 17. HP: 113/113 MP: 22/33
 42995 | Snake:3  | Noticed Mlioglotl
 43734 | Snake:3  | Noticed Mara
 43882 | Snake:3  | Noticed GeoRichter's illusion
 44124 | Snake:3  | Noticed GeoRichter's illusion
 44131 | Snake:3  | Killed Mara
 44437 | Snake:2  | Killed Mlioglotl
 45784 | Snake:4  | Entered Level 4 of the Snake Pit
 46037 | Snake:4  | Offered knowledge of Lightning Bolt by Vehumet.
 46481 | Snake:4  | Acquired 757 gold pieces
 46914 | Snake:4  | Found Muaselur's Book Emporium.
 47836 | Snake:4  | Noticed Asterion
 47843 | Snake:4  | Killed Asterion
 48956 | Snake:4  | Identified the +6 glaive "Beetle's Foe" {vorpal, Dex+3}
 49026 | Snake:4  | Reached XP level 18. HP: 88/120 MP: 10/35
 50122 | Snake:4  | Offered knowledge of Lehudib's Crystal Spear by Vehumet.
 50948 | Snake:4  | Got a serpentine rune of Zot
 51118 | Swamp:1  | Entered Level 1 of the Swamp
 51253 | Swamp:1  | Noticed Nikola
 51308 | Swamp:1  | Killed Nikola
 51329 | Swamp:1  | Noticed Kirke
 51337 | Swamp:1  | Killed Kirke
 51449 | Swamp:1  | Identified Roxanne's Papyrus of Metal
 51449 | Swamp:1  | Noticed Roxanne
 52672 | Swamp:1  | Killed Roxanne
 54234 | Swamp:3  | Noticed a tentacled monstrosity
 54247 | Swamp:2  | Reached skill level 15 in Ice Magic
 54467 | Swamp:2  | Killed a tentacled monstrosity
 55470 | Swamp:3  | Identified the +10 shortbow "Embalmer" {flame, rN+ Str+6
                  | Dex+3}
 56079 | Swamp:3  | Reached XP level 19. HP: 119/125 MP: 11/37
 56470 | Swamp:4  | Entered Level 4 of the Swamp
 56616 | Swamp:4  | Noticed a tentacled monstrosity
 56621 | Swamp:4  | Killed a tentacled monstrosity
 57122 | Swamp:3  | Reached skill level 5 in Armour
 59112 | Swamp:4  | Got a decaying rune of Zot
 59490 | Elf:1    | Entered Level 1 of the Elven Halls
 59576 | Elf:1    | Noticed Azrael
 59579 | Elf:1    | Killed Azrael
 59683 | Elf:1    | Reached ****** piety under Vehumet
 59717 | Elf:1    | Offered knowledge of Fire Storm by Vehumet.
 59717 | Elf:1    | Offered knowledge of Ignition by Vehumet.
 59717 | Elf:1    | Offered knowledge of Maxwell's Capacitive Coupling by
                  | Vehumet.
 59727 | Elf:1    | Learned a level 8 spell: Maxwell's Capacitive Coupling
 59979 | Elf:1    | Got Watuparo's Almanac of Attendants
 60724 | Elf:1    | Found Ofyhu's Distillery.
 60849 | Elf:1    | Reached skill level 1 in Staves
 61008 | Elf:1    | Noticed Louise
 61011 | Abyss:2  | Cast into level 2 of the Abyss (Louise)
 61028 | Abyss:2  | Found a corrupted altar of Lugonu.
 61062 | Abyss:2  | Gained mutation: You are dopey. (Int -2) [a neqoxec]
 61064 | Abyss:2  | Reached skill level 1 in Polearms
 61167 | Abyss:2  | Noticed a bone dragon
 61190 | Abyss:2  | Found a corrupted altar of Lugonu.
 61259 | Abyss:2  | Gained mutation: Your body sometimes deteriorates upon
                  | taking damage. [a neqoxec]
 61318 | Abyss:2  | Identified the +2 tower shield of Uwoent {rC+ Str+3}
 61331 | Abyss:2  | Found a corrupted altar of Lugonu.
 61332 | Abyss:2  | Found a shimmering blue altar of Sif Muna.
 61332 | Abyss:2  | Noticed a tentacled monstrosity
 61360 | Elf:1    | Escaped the Abyss
 61659 | Elf:1    | Killed Louise
 62982 | Elf:2    | Noticed a Brimstone Fiend
 62983 | Elf:2    | Noticed an Ice Fiend
 62995 | Abyss:2  | Cast into level 2 of the Abyss (+5 long sword of
                  | distortion)
 63006 | Abyss:2  | Found a corrupted altar of Lugonu.
 63070 | Abyss:2  | Killed from afar by a lich

Illustrated notes

Levels and vault maps discovered:
D:1:      nzn_arrival_crosshair, layout_loops_corners,
          dreamdust_ecumenical_altar_statues, minmay_unequal
D:2:      layout_basic
D:3:      layout_rooms, nicolae_eternal_life, uniq_natasha, uniq_jessica,
          uniq_ijyb
D:4:      kb_forest_paths, layout_rooms, okawaru_ov_weapons_minmay,
          amcnicky_altar_gilded, minmay_temple_entry_stoned_glass,
          serial_co_window_serial, co_window_paths_a, co_window_paths_a,
          co_window_paths_b, co_window_paths_a, co_window_paths_b,
          co_window_broadway_b, co_window_paths_c, co_window_unsneaky_path_c,
          co_window_corner_b, uniq_robin
D:5:      layout_loops_ring, tso_metal_star, grunt_temple_overflow_open,
          minmay_misc_feat_five, lexackson_kobold_supper
D:6:      nicolae_BIG_FREAKIN_CUBE, layout_basic, kennysheep_cross_bottleneck,
          hangedman_abyss_or_decor_lesser_grid, uniq_grinder,
          uniq_blork_the_orc, uniq_duvessa
D:7:      layout_loops_corners, nicolae_ossuary_entry_plus
D:8:      layout_basic
D:9:      layout_stronghold, mainiacjoe_overflow_alcove_3, dpeg_oklobed_lair,
          serial_shops, nicolae_shop_waterfront, minmay_sticks_and_stones
D:10:     gammafunk_mikee_crab_dinner, layout_basic,
          chequers_serial_rivers_room_b
D:11:     layout_basic, minmay_lindwurm_lava, uniq_maurice, uniq_psyche
D:12:     layout_big_octagon, hiddenorc1_lemuel, serial_demonic,
          serial_demonic_f, serial_demonic_e, serial_demonic_g,
          serial_demonic_a, serial_demonic_f, serial_demonic_d,
          serial_demonic_c, serial_demonic_e, uniq_snorg
D:13:     layout_roguey, david_vaults_5, nicolae_transmutations_shop, uniq_urug
D:14:     layout_loops_ring, kennysheep_small_square
D:15:     gammafunk_enter_depths_forms, layout_basic,
          minmay_misc_feat_nine_boxes
Temple:   cyrus_circular_temple
Lair:1:   layout_roguey, gammafunk_ghost_necromancy, serial_bayou_shore_b,
          lemuel_fruit_tree, infiniplex_staircase_pool
Lair:2:   layout_regular_city, minmay_swamp_entry_worms,
          minmay_snake_entry_guardpost_medium, lemuel_fruit_fields,
          lemuel_fruit_fields, lemuel_fruit_fields
Lair:3:   layout_chaotic_city, lemuel_fruit_fields
Lair:4:   dpeg_oklob_gauntlet, layout_cellular_growth,
          minmay_slime_entry_oklob_enclosed, grunt_megastairs_5,
          serial_bayou_shore_b
Lair:5:   guppyfry_lair_end_dragon, layout_regular_city,
          chequers_serial_rivers_large_a
Swamp:1:  layout_basic_swamp, evilmike_swamp_ruin_house_3, swamp_pool1,
          nicolae_swamp_big_swirl, uniq_nikola, uniq_roxanne, uniq_kirke
Swamp:2:  layout_falls_marsh, nicolae_swamp_triple_paths
Swamp:3:  nicolae_swamp_phyte_club, layout_basic_swamp,
          evilmike_swamp_ruin_house_5
Swamp:4:  swamp, layout_basic_swamp, swamp_pool2,
          nicolae_swamp_feature_on_the_river_bank
Snake:1:  layout_misc_corridors, minmay_shop_mass, uniq_aizul
Snake:2:  layout_grid_maze, uniq_vashnia
Snake:3:  layout_cave_shapes, minmay_shoptagon, uniq_mlioglotl, uniq_mara
Snake:4:  grunt_snake_rune_spirals, layout_onion, serial_shops,
          nicolae_shop_hallway_plus, nicolae_snake_salamander_zone,
          uniq_asterion
Orc:1:    layout_caves, serial_shops, nicolae_shop_stone, basic_altar,
          nicolae_orc_rockfall
Orc:2:    grunt_orc_community_town_hall, layout_caves,
          grunt_orc_community_big_house_2, grunt_orc_community_big_house_1,
          grunt_orc_community_house_1, grunt_orc_community_house_3,
          grunt_orc_community_house_3, grunt_orc_community_house_1,
          grunt_orc_community_house_2, basic_altar,
          lightli_volcano_entry_magma_tube, nooodl_orcs_dogs, uniq_rupert
Elf:1:    minmay_elf_arrival_summoners, layout_geoelf_diagonals,
          minmay_elf_demonology, hex_large, corexii_hall_statues_i,
          grunt_ministairs_7, nicolae_take_the_stairs, st_stairs_12,
          uniq_azrael, uniq_louise
Elf:2:    nicolae_elf_blades_splatter_lattice
          [nicolae_blade_entry_sentries_behind_glass], layout_geoelf_octagon,
          serial_shops, nicolae_shop_trees, nicolae_shop_statue_plus
Abyss:2:  base: Lair:5, small_statue_intersection, minivault_24, minivault_24,
          hangedman_abyss_theft, guppyfry_abyss_exit_glass_guarded,
          minivault_11, onia_ninara_dug_in_and_dangerous, base:
Snake:2

Skill      XL: |  1  2  3  4  5  6  7  8  9 10 11 12 13 14 15 16 17 18 19 |
---------------+----------------------------------------------------------+-----
Conjurations   | 2 3 4 5 7 9 11 12 | 12.1
Air Magic      | 5 6 7 9 10 11 12 13 14 15 16 | 16.1
Spellcasting   | 3 4 5 6 7 8 9 10 11 12 13 14 | 14.4
Fighting       | 3 5 6 7 9 10 12 13 15 | 15.8
Armour         | 1 4 6 |  6.9
Shields        | 5 |  5.5
Necromancy     | 5 8 |  8.0
Dodging        | 4 6 7 9 10 11 12 | 12.6
Ice Magic      | 3 6 8 10 13 15 16 | 16.3
Staves         | 2 |  2.7
Polearms       | 2 |  2.5
Stealth        | |  2.0

Action                   |  1- 3 |  4- 6 |  7- 9 | 10-12 | 13-15 | 16-18 | 19-21 || total
-------------------------+-------+-------+-------+-------+-------+-------+-------++-------
Melee: Unarmed           |     2 |       |       |       |       |       |       ||     2
       Short sword       |     2 |       |       |       |       |       |       ||     2
       Peck              |     1 |       |     5 |    20 |    31 |    13 |    18 ||    88
       Kick              |     1 |       |     8 |    41 |    50 |    23 |    27 ||   150
       Rapier            |       |       |    18 |       |       |       |       ||    18
       Long sword        |       |       |       |    96 |    73 |       |       ||   169
       Staff             |       |       |       |       |    30 |    60 |    11 ||   101
       Demon trident     |       |       |       |       |       |       |   104 ||   104
 Cast: Shock             |    73 |    92 |   141 |   110 |    28 |       |       ||   444
       Static Discharge  |       |    11 |    68 |    85 |   157 |   109 |    37 ||   467
       Airstrike         |       |       |    30 |   164 |   299 |   481 |   141 ||  1115
       Animate Dead      |       |       |       |     8 |     5 |       |       ||    13
       Frozen Ramparts   |       |       |       |    11 |    23 |    47 |     2 ||    83
       Mephitic Cloud    |       |       |       |     1 |    28 |     3 |       ||    32
       Freezing Cloud    |       |       |       |       |    64 |    98 |    21 ||   183
       Conjure Ball Ligh |       |       |       |       |    12 |    20 |       ||    32
       Ozocubu's Refrige |       |       |       |       |       |    37 |    49 ||    86
Evoke: Wand              |       |     1 |     3 |    11 |     1 |       |       ||    16
  Use: Scroll            |       |       |     2 |    11 |    15 |     8 |    11 ||    47
       Potion            |       |       |       |     5 |    21 |    13 |     3 ||    42
 Stab: Confused          |       |       |       |       |     1 |       |       ||     1
Armor: Robe              |     3 |     2 |    16 |     8 |       |       |       ||    29
       Steam dragon scal |       |       |       |    27 |    50 |    49 |       ||   126
       Swamp dragon scal |       |       |       |       |       |    31 |    82 ||   113
Dodge: Dodged            |     4 |     8 |    37 |   106 |   185 |   194 |   111 ||   645
Block: Buckler           |       |       |     9 |    77 |   137 |   202 |    44 ||   469
       Reflection        |       |       |       |     1 |    14 |    48 |     3 ||    66
       Kite shield       |       |       |       |       |       |       |    98 ||    98
